 Dungeon Crawl Stone Soup version 0.31-a0-321-g19405a7a6a (webtiles) character file.

Game seed: 12099669275238292853

93905 Shard1697 the Severer (level 15, -31/126 HPs)
             Began as a Black Draconian Ice Elementalist on July 17, 2023.
             Was a High Priest of Sif Muna.
             Annihilated by a caustic shrike simulacrum (53 damage)
             ... in an ice cave.
             The game lasted 00:45:05 (21211 turns).

Shard1697 the Severer (DrIE)                       Turns: 21211, Time: 00:45:06

Health: -31/126    AC: 24    Str: 16    XL:     15   Next: 62%
Magic:  26/31      EV: 22    Int: 31    God:    Sif Muna [*****.]
Gold:   626        SH: 13    Dex: 10    Spells: 4/22 levels left

rFire   . . .        a - +6 broad axe (vamp)
rCold   . . .        s - +1 kite shield {AC+3}
rNeg    . . .        (body armour unavailable)
rPois   +            D - +3 hat of Pondering {ponderous, Will+ MP+10 Int+5}
rElec   +            r - +2 cloak {rPois}
rCorr   +            O - +1 pair of gloves of the Blind Marksman {Str+5 Slay+2}
SInv    .            M - +3 pair of seven-league boots {Rampage+∞}
Will    ++...        S - amulet of regeneration
Stlth   ++           t - +5 ring of evasion
HPRegen 1.21/turn    R - ring of Guczaydo {rPois rCorr EV+5}
MPRegen 0.22/turn

%: rampage+∞
@: flying, very slightly contaminated, slowed, very slow
A: breathe lightning, AC +9, unfitting armour, big wings, electricity
resistance, cold-blooded, clever 1, mutation resistance 1
a: Breathe Lightning, Renounce Religion, Channel Magic, Forget Spell, Divine
Exegesis


You were in an ice cave.
You worshipped Sif Muna.
Sif Muna was extremely pleased with you.
You visited 2 branches of the dungeon, and saw 20 of its levels.
You also visited: Bailey, Ice Cave and Volcano.

You collected 1859 gold pieces.
You spent 1233 gold pieces at shops.

Inventory:

Hand Weapons
 a - a +6 vampiric broad axe (weapon)
 b - the +10 trident of Ashenzari {holy, Str+4}
   (You found it on level 8 of the Dungeon)

   Str:       It affects your strength (+4).
Armour
 f - a scarf of repulsion
 r - a +2 cloak of poison resistance (worn)
 s - a +1 kite shield of protection (worn)
 D - the +3 hat of Pondering (worn) {ponderous, Will+ MP+10 Int+5}
   (You took it off Gastronok on level 11 of the Dungeon)

   Int:       It affects your intelligence (+5).
   MP:        It affects your magic capacity (+10).
   Will:      It increases your willpower.
 M - the +3 pair of seven-league boots (worn) {Rampage+∞}
   (You found it on level 5 of the Lair of Beasts)

   Rampage+∞: When moving toward enemies, its wearer moves as far as possible,
   alerting their target en route.
 O - the +1 pair of gloves of the Blind Marksman (worn) {Str+5 Slay+2}
   (You acquired it on level 12 of the Dungeon)

   Str:       It affects your strength (+5).
   Slay:      It affects your accuracy & damage with ranged weapons and melee
   (+2).
 P - a +0 cloak of willpower
Jewellery
 o - a ring of ice
 t - a +5 ring of evasion (left hand)
 v - a ring of positive energy
 A - a ring of magical power
 F - a +5 ring of evasion
 R - the ring of Guczaydo (right hand) {rPois rCorr EV+5}
   (You bought it in a shop on level 13 of the Dungeon)

   [ring of evasion]

   EV:        It affects your evasion (+5).
   rPois:     It protects you from poison.
   rCorr:     It protects you from acid and corrosion.
 S - an amulet of regeneration (around neck)
Talismans
 c - a storm talisman
Wands
 i - a wand of roots (6)
 l - a wand of quicksilver (19)
 q - a wand of mindburst (13)
 x - a wand of polymorph (18)
 y - a wand of flame (39)
 E - a wand of paralysis (18)
 G - a wand of digging (3)
Scrolls
 j - 2 scrolls of silence
 m - a scroll of fear
 p - a scroll of brand weapon
 B - 2 scrolls of fog
 K - a scroll of vulnerability
 L - 6 scrolls of teleportation
 N - 2 scrolls of poison
 Q - 2 scrolls of identify
Potions
 d - a potion of might
 e - 4 potions of curing
 g - 3 potions of magic
 h - a potion of heal wounds
 k - 3 potions of lignification
 n - 6 potions of mutation
 u - 3 potions of brilliance
 w - 3 potions of cancellation
 z - 5 potions of ambrosia
 I - 4 potions of haste
 J - 2 potions of enlightenment
Miscellaneous
 H - a condenser vane


   Skills:
 - Level 10.1 Fighting
 + Level 16.8 Axes
 - Level 5.7 Dodging
 - Level 1.7 Stealth
 + Level 14.1 Shields
 - Level 4.3 Spellcasting
 + Level 11.6 Summonings
 - Level 9.0 Ice Magic


You had 4 spell levels left.
You knew the following spells:

 Your Spells              Type           Power      Damage    Failure   Level
a - Freeze                Ice            100%       1d10      1%          1
b - Frozen Ramparts       Ice            100%       1d16      1%          3
c - Apportation           Tloc           12%        N/A       11%         1
f - Ozocubu's Armour      Ice            58%        N/A       1%          3
g - Summon Ice Beast      Ice/Summ       63%        N/A       1%          4
t - Summon Cactus Giant   Summ           34%        N/A       14%         6

Your spell library contained the following spells:

 Spells                   Type           Power      Damage    Failure   Level
 Summon Small Mammal      Summ           100%       N/A       1%          1
 Call Imp                 Summ           100%       N/A       1%          2
 Ensorcelled Hibernation  Hex/Ice        68%        N/A       2%          2
 Foxfire                  Conj/Fire      24%        2x1d5     11%         1
 Magic Dart               Conj           24%        1d4       11%         1
 Necrotise                Necr           24%        1d5       11%         1
 Shock                    Conj/Air       24%        1d4       11%         1
 Cigotuvi's Dreadful Rot  Necr/Pois/Air  12%        N/A       16%         2
 Poisonous Vapours        Pois/Air       12%        N/A       16%         2
 Searing Ray              Conj           12%        2d4       16%         2
 Wereblood                Tmut           6%         N/A       16%         2
 Confusing Touch          Hex            6%         N/A       32%         3
 Dazzling Flash           Conj/Hex       12%        N/A       32%         3
 Mephitic Cloud           Conj/Pois/Air  6%         N/A       32%         3
 Portal Projectile        Hex/Tloc       12%        N/A       32%         3
 Swiftness                Air            6%         N/A       32%         3
 Tukima's Dance           Hex            6%         N/A       32%         3
 Vampiric Draining        Necr           6%         2d6       32%         3
 Anguish                  Hex/Necr       3%         N/A       71%         4
 Fulminant Prism          Conj/Hex       3%         3d5       71%         4
 Iskenderun's Mystic Bla  Conj/Tloc      6%         2d4       71%         4
 Passage of Golubria      Tloc           6%         N/A       71%         4
 Summon Forest            Summ/Tloc      21%        N/A       26%         5
 Metabolic Englaciation   Hex/Ice        17%        N/A       41%         5
 Monstrous Menagerie      Summ           34%        N/A       58%         7
 Summon Hydra             Summ           34%        N/A       58%         7
 Freezing Cloud           Conj/Ice/Air   12%        6-21      63%         5
 Ozocubu's Refrigeration  Ice            29%        4d13      91%         7
 Agony                    Necr           6%         N/A       96%         5
 Alistair's Intoxication  Tmut/Pois      4%         N/A       96%         5
 Borgnjor's Vile Clutch   Necr/Erth      3%         N/A       96%         5
 Iskenderun's Battlesphe  Conj           6%         2d6       96%         5
 Silence                  Hex/Air        3%         N/A       96%         5
 Yara's Violent Unravell  Hex/Tmut       3%         3d4       96%         5
 Eringya's Noxious Bog    Tmut/Pois      3%         4d6       100%        6
 Haunt                    Necr/Summ      21%        N/A       100%        7
 Disjunction              Tloc           3%         N/A       100%        8
 Chain Lightning          Conj/Air       3%         3d4       100%        9
 Fire Storm               Conj/Fire      3%         8d1       100%        9
 Shatter                  Erth           3%         3d7*      100%        9


Dungeon Overview and Level Annotations

Branches:
Dungeon (15/15)            Temple (0/1) D:5            Lair (5/5) D:10
 Shoals (0/4) Lair:2        Snake (0/4) Lair:3        Slime (0/5) Lair:5
    Orc (0/2) D:10         Vaults (0/5) D:14         Depths (0/4) D:15
 Bailey (visited)           IceCv (1/1)             Volcano (visited)

Altars:
Ashenzari
Dithmenos
Elyvilon
Fedhas
Hepliaklqana
Kikubaaqudgha
Makhleb
Okawaru
Sif Muna
Trog
Uskayaw
Vehumet
Wu Jian
The Shining One
Jiyva

Shops:
D:7 [   D:8 ?   D:10 [([   D:13 =(=[

Portals:
Abyss: Lair:3

Annotations:
D:8 Erica
D:11 exclusion: oklob plant
Lair:3 2 transporters, juan097's ghost, journeyman DrBr
Lair:5 2 exclusions


Innate Abilities, Weirdness & Mutations

You can breathe wild blasts of lightning.
Your glossy black scales are hard. (AC +9)
You cannot fit into any form of body armour.
Your large and strong wings let you fly.
You are resistant to electric shocks. (rElec)
You are cold-blooded and may be slowed by cold attacks.
Your mind is acute. (Int +4, Str/Dex -1)
You are somewhat resistant to further mutation.


Message History

Found 17 gold pieces.
Found an ice covered gate leading back out of this place.
There is an ice choked empty arch of ancient stone here.
There is an ice covered gate leading back out of this place here.
Magic courses through your body.
A caustic shrike simulacrum comes into view.
Casting: Summon Cactus Giant (dangerous; 14% risk of failure)
Confirm with . or Enter, or press ? or * to list all spells.
The caustic shrike simulacrum is struck by your cactus giant's spines.
The caustic shrike simulacrum claws your cactus giant!
The caustic shrike simulacrum freezes your cactus giant!!
The caustic shrike simulacrum is struck by your cactus giant's spines.
The caustic shrike simulacrum claws your cactus giant!
The caustic shrike simulacrum freezes your cactus giant!!!
You block the caustic shrike simulacrum's attack.
You slice the caustic shrike simulacrum!!
The caustic shrike simulacrum is moderately damaged.
The caustic shrike simulacrum is struck by your cactus giant's spines.
The caustic shrike simulacrum vaporises!
Sif Muna accepts your kill.
You block the caustic shrike simulacrum's attack.
The caustic shrike simulacrum claws you but does no damage.
A dire elephant simulacrum comes into view.
You barely miss the caustic shrike simulacrum.
The caustic shrike simulacrum is moderately damaged.
Your cactus giant closely misses the caustic shrike simulacrum.
The caustic shrike simulacrum claws you!
The caustic shrike simulacrum freezes you!!
You feel yourself slow down.
The caustic shrike simulacrum claws you!
The caustic shrike simulacrum freezes you!!!
* * * LOW HITPOINT WARNING * * *
You block the anaconda simulacrum's attack.
The anaconda simulacrum bites you but does no damage.
The caustic shrike simulacrum claws you but does no damage.
The caustic shrike simulacrum claws you.
* * * LOW HITPOINT WARNING * * *
The caustic shrike simulacrum freezes you!!!
You feel as though you will be slow longer.
You die...

#......$......#
#....8Z..8....#
#.............#
#...........#
#........Z..#
#.......Z...#
#..○u..Z..#
#..CZZ..#
##.Z@..##
#######


You could see a white very ugly thing, an anaconda simulacrum, a seven-headed
hydra simulacrum, 3 dire elephant simulacra, 2 caustic shrike simulacra and a
friendly cactus giant (summoned).

Vanquished Creatures
  An orc warlord (Bailey)
  A dire elephant (D:15)
  A red draconian (Volcano)
  4 centaur warriors
  An ogre mage (D:15)
  4 hydras
  3 boulder beetles
  2 tengu warriors
  7 two-headed ogres
  3 catoblepae
  4 death yaks
  3 skeletal warriors (D:11)
  A skyshark (Lair:4)
  2 wizards
  A spriggan simulacrum (D:15)
  An orc knight (Bailey)
  A phantasmal warrior (D:14)
  A lindwurm (Lair:5)
  3 deep elf pyromancers
  A salamander (D:15)
  12 ugly things
  2 manticores
  3 cyclopes
  3 merfolk sirens (Lair:2)
  Maurice (D:12)
  A guardian serpent (Lair:5)
  9 elephants
  2 centaur zombies
  3 molten gargoyles
  13 cane toads
  11 black mambas
  A torpor snail (Lair:5)
  2 centaur skeletons (D:7)
  3 rime drakes
  3 yaktaurs
  An efreet (D:14)
  19 komodo dragons
  3 trolls
  A hellwing (D:7)
  A queen bee (Lair:2)
  2 merfolk
  A hornet (Lair:3)
  13 blink frogs
  A meliai zombie (D:7)
  6 dream sheep (Lair:4)
  A shadow (D:11)
  3 wyverns (Lair:5)
  Eustachio (D:4)
  72 yaks
  5 basilisks
  A wraith (D:11)
  A fire bat (Volcano)
  A minotaur simulacrum (D:15)
  3 vampire mosquitoes (D:13)
  3 acid dragons
  2 nagas (Lair:3)
  13 water moccasins
  4 orc warriors
  2 black bears
  A sky beast (D:7)
  14 centaurs
  3 ogres
  16 wolves
  3 kobold brigands
  A phantom (D:4)
  12 bullfrogs
  2 scorpions
  A gnoll sergeant (D:13)
  A deep troll simulacrum (D:15)
  4 wights
  24 killer bees
  10 howler monkeys
  An electric eel (D:10)
  A nameless horror (Lair:4)
  5 lava snakes
  A jelly (D:8)
  6 orc priests
  A gnoll bouda (D:7)
  4 hounds
  4 iguanas
  A boggart zombie (D:7)
  Ijyb (D:3)
  6 orc wizards
  A boggart skeleton (D:7)
  A killer bee zombie (D:8)
  Robin (D:2)
  9 adders
  11 gnolls
  A howler monkey zombie (D:8)
  6 shadow imps
  2 white imps
  2 ufetubi (D:6)
  2 worms (D:3)
  2 dart slugs
  33 orcs
  9 endoplasms
  6 giant cockroaches
  22 goblins
  11 hobgoblins
  4 jackals
  3 quokkas
  3 ball pythons
  5 bats
  3 frilled lizards
  29 kobolds
  6 rats
569 creatures vanquished.

Vanquished Creatures (collateral kills)
  Gastronok (D:11)
  A vault guard (D:14)
  2 centaur warriors
  A caustic shrike simulacrum (IceCv)
  A hydra (Lair:5)
  2 boulder beetles
  3 death yaks
  2 two-headed ogres
  8 ugly things
  A nameless horror (D:15)
  A cane toad (Lair:2)
  A rime drake (Lair:3)
  Maggie (Lair:2)
  A yaktaur (Volcano)
  A hellwing (D:7)
  A polar bear (Lair:5)
  Prince Ribbit (D:6)
  A wyvern (D:7)
  4 yaks
  A fire bat (Volcano)
  A steam dragon (D:9)
  A vampire mosquito (D:13)
  A minotaur simulacrum (D:15)
  2 nagas (Lair:3)
  A black bear (D:5)
  An ogre (D:5)
  4 wolves
  A bullfrog (Lair:1)
  A gnoll sergeant (D:8)
  3 wights
  A killer bee (D:11)
  A gnoll bouda (D:8)
  An orc priest (D:9)
  9 gnolls
  A shadow imp (D:7)
  5 orcs
  3 kobolds (Bailey)
  2 goblins (Bailey)
  A butterfly (Lair:4)
75 creatures vanquished.

Vanquished Creatures (others)
  A basilisk (D:14)
  A centaur (D:14)
  2 human simulacra (D:14)
4 creatures vanquished.

Grand Total: 648 creatures vanquished

Notes
Turn   | Place    | Note
-------+----------+-------------------------------------------
     0 | D:1      | Shard1697 the Draconian Ice Elementalist began the quest
                  | for the Orb.
     0 | D:1      | Reached XP level 1. HP: 14/14 MP: 3/3
   179 | D:1      | Reached XP level 2. HP: 18/20 MP: 1/5
  1011 | D:2      | Noticed Robin
  1015 | D:2      | Reached XP level 3. HP: 17/26 MP: 7/7
  1042 | D:1      | Learned a level 3 spell: Frozen Ramparts
  1046 | D:1      | Learned a level 3 spell: Ozocubu's Armour
  1071 | D:2      | Killed Robin
  1322 | D:2      | Reached XP level 4. HP: 33/33 MP: 5/8
  1812 | D:3      | Found a shimmering blue altar of Sif Muna.
  1959 | D:3      | Became a worshipper of Sif Muna the Loreminder
  2021 | D:3      | Reached skill level 5 in Ice Magic
  2070 | D:3      | Noticed Ijyb
  2078 | D:3      | HP: 1/33 [Ijyb/+0 dagger (2)]
  2079 | D:3      | Killed Ijyb
  2311 | D:3      | Found an ancient bone altar of Kikubaaqudgha.
  2314 | D:3      | Found a blossoming altar of Fedhas.
  2320 | D:3      | Found a glowing golden altar of the Shining One.
  2321 | D:3      | Found a bloodstained altar of Trog.
  2321 | D:3      | Found a white marble altar of Elyvilon.
  2321 | D:3      | Found a burning altar of Makhleb.
  2324 | D:3      | Found a shadowy altar of Dithmenos.
  2517 | D:3      | Reached XP level 5. HP: 32/38 MP: 6/10
  3024 | D:4      | Noticed an ogre
  3031 | D:4      | Killed an ogre
  3037 | D:4      | Reached * piety under Sif Muna
  3043 | D:4      | Learned a level 4 spell: Summon Ice Beast
  3104 | D:4      | Reached XP level 6. HP: 45/45 MP: 12/12
  3124 | D:4      | Found a broken altar of Ashenzari.
  3127 | D:4      | Noticed Eustachio
  3163 | D:4      | Killed Eustachio
  3400 | D:4      | Found an iron altar of Okawaru.
  3433 | D:4      | Found a radiant altar of Vehumet.
  3472 | D:4      | Your scales start taking on a glossy black colour.
  3472 | D:4      | Reached XP level 7. HP: 45/50 MP: 13/13
  3472 | D:4      | Gained mutation: You are resistant to electric shocks.
                  | (rElec) [Black Draconian growth]
  4136 | D:5      | Entered Level 5 of the Dungeon
  4327 | D:5      | Reached skill level 5 in Summonings
  4467 | D:5      | Found a staircase to the Ecumenical Temple.
  4487 | D:5      | Reached XP level 8. HP: 42/57 MP: 6/14
  4704 | D:6      | Noticed a troll
  4732 | D:6      | Killed a troll
  5256 | D:6      | Noticed Prince Ribbit
  5264 | D:6      | Killed Prince Ribbit
  5439 | D:7      | Noticed a hellwing
  5502 | D:7      | Noticed a hellwing
  5574 | D:7      | Reached skill level 1 in Fighting
  5586 | D:7      | Reached XP level 9. HP: 47/67 MP: 12/15
  5587 | D:7      | Reached ** piety under Sif Muna
  5629 | D:7      | Found a flagged portal.
  5638 | Bailey   | Entered a bailey
  5668 | Bailey   | Noticed an orc warlord
  5684 | Bailey   | Gained mutation: Your mind is acute. (Int +4, Str/Dex -1)
                  | [potion of mutation]
  5684 | Bailey   | Gained mutation: You are somewhat resistant to further
                  | mutation. [potion of mutation]
  5891 | Bailey   | Found a runed translucent gate.
  5894 | Bailey   | Found a runed translucent gate.
  5895 | Bailey   | Found a runed translucent gate.
  5902 | Bailey   | Noticed an orc knight
  5916 | Bailey   | Killed an orc knight
  6076 | Bailey   | Killed an orc warlord
  6077 | Bailey   | Reached skill level 5 in Dodging
  6105 | Bailey   | Acquired a +0 kite shield of protection
  6279 | D:7      | Reached skill level 1 in Shields
  6400 | D:7      | Reached XP level 10. HP: 82/84 MP: 16/16
  6612 | D:7      | Reached *** piety under Sif Muna
  7251 | D:7      | Reached skill level 1 in Axes
  7388 | D:7      | Found Kocoil's Antique Armour Shoppe.
  7399 | D:7      | Bought a runed cloak for 187 gold pieces
  7550 | D:7      | Reached skill level 2 in Axes
  8123 | D:8      | Found Kuocluh's Magic Scroll Shop.
  8126 | D:8      | Bought a scroll of brand weapon for 142 gold pieces
  8127 | D:8      | Bought a scroll of enchant weapon for 112 gold pieces
  8243 | D:8      | Noticed Erica
  8268 | D:9      | Reached skill level 3 in Axes
  8316 | D:8      | Reached **** piety under Sif Muna
  8362 | D:8      | Identified the +10 trident of Ashenzari {holy, Str+4}
  8478 | D:8      | Reached skill level 5 in Shields
  8515 | D:8      | Reached skill level 4 in Axes
  9114 | D:9      | Reached skill level 5 in Axes
  9474 | D:10     | Entered Level 10 of the Dungeon
  9483 | D:10     | Reached skill level 6 in Axes
  9483 | D:10     | Reached XP level 11. HP: 76/91 MP: 11/17
  9495 | D:10     | Found Gystruvu's Armour Shop.
  9497 | D:10     | Found a staircase to the Orcish Mines.
  9499 | D:10     | Found Apinwir's Weapon Shop.
  9499 | D:10     | Noticed a two-headed ogre
  9512 | D:10     | Killed a two-headed ogre
  9714 | D:10     | Reached skill level 7 in Axes
  9826 | D:10     | Found a staircase to the Lair.
  9951 | D:10     | Reached ***** piety under Sif Muna
 10032 | D:10     | Noticed a two-headed ogre
 10041 | D:10     | Killed a two-headed ogre
 10186 | D:10     | Reached skill level 8 in Axes
 10282 | D:10     | Found Eplosu's Superior Scales.
 10601 | D:11     | Received a gift from Sif Muna
 10606 | D:11     | Got Sif Muna's Vademecum on Bolts and the Blizzard {god
                  | gift}
 10646 | D:11     | Noticed a skeletal warrior
 10646 | D:11     | Noticed a skeletal warrior
 10646 | D:11     | Noticed a two-headed ogre
 10647 | D:11     | Noticed a skeletal warrior
 11176 | D:11     | Identified the +1 ring mail of the End {rPois rF+}
 11302 | D:11     | Killed a two-headed ogre
 11303 | D:11     | Reached skill level 9 in Axes
 11322 | D:11     | Noticed a skeletal warrior
 11579 | D:11     | Noticed Gastronok
 11590 | D:11     | Killed Gastronok
 11745 | Lair:1   | Entered Level 1 of the Lair of Beasts
 11783 | Lair:1   | Reached skill level 10 in Axes
 11807 | Lair:1   | Reached XP level 12. HP: 97/97 MP: 18/18
 12009 | Lair:1   | Reached skill level 11 in Axes
 12178 | Lair:1   | Reached skill level 12 in Axes
 12719 | Lair:2   | Noticed Maggie
 12730 | Lair:2   | Killed Maggie
 12821 | Lair:2   | Reached skill level 10 in Shields
 12965 | Lair:2   | Received a gift from Sif Muna
 12968 | Lair:2   | Got Sif Muna's Annotations on Virous Hyperthermia {god
                  | gift}
 13169 | Lair:2   | Noticed a catoblepas
 13314 | Lair:2   | Killed a catoblepas
 13315 | Lair:2   | Reached skill level 13 in Axes
 13315 | Lair:2   | Reached XP level 13. HP: 105/105 MP: 19/19
 13474 | Lair:2   | Found a staircase to the Shoals.
 14021 | Lair:3   | Found a one-way gate to the infinite horrors of the Abyss.
 14021 | Lair:3   | Noticed juan097's ghost (journeyman DrBr)
 14196 | Lair:3   | Found a transporter.
 14211 | Lair:3   | Received a gift from Sif Muna
 14216 | Lair:3   | Got Sif Muna's Secrets of Luminous Production {god gift}
 14224 | Lair:3   | Learned a level 6 spell: Summon Cactus Giant
 14354 | Lair:3   | Found a transporter.
 14402 | Lair:3   | Found a staircase to the Snake Pit.
 14428 | Lair:3   | Reached skill level 14 in Axes
 15051 | Lair:4   | Found an ornate altar of the Wu Jian Council.
 15051 | Lair:4   | Found a hide-covered altar of Uskayaw.
 15094 | Lair:4   | Found a dark tunnel.
 15108 | Volcano  | Entered a volcano
 15270 | Volcano  | Found a burning altar of Makhleb.
 15474 | Volcano  | Noticed a red draconian
 15489 | Volcano  | Killed a red draconian
 15679 | Lair:4   | Gained mutation: Your large and strong wings let you fly.
                  | [Black Draconian growth]
 15679 | Lair:4   | Reached XP level 14. HP: 55/118 MP: 20/20
 16417 | Lair:5   | Entered Level 5 of the Lair of Beasts
 16460 | Lair:5   | Reached skill level 15 in Axes
 16544 | Lair:5   | Received a gift from Sif Muna
 16545 | Lair:5   | Got Sif Muna's Handbook of the Galvanic Shift {god gift}
 16675 | Lair:5   | Reached skill level 10 in Fighting
 17404 | Lair:5   | Found a viscous altar of Jiyva.
 17404 | Lair:5   | Found a staircase to the Slime Pits.
 17517 | Lair:5   | Found the +3 pair of seven-league boots {Rampage+∞}
 18247 | D:11     | You are sucked into a shaft and drop 3 floors!
 18505 | D:14     | Reached skill level 10 in Summonings
 18604 | D:12     | Reached skill level 16 in Axes
 18613 | D:12     | Received a gift from Sif Muna
 18616 | D:12     | Got Sif Muna's Discourse on Location and Anathema {god
                  | gift}
 18673 | D:11     | Found a blossoming altar of Fedhas.
 18956 | D:12     | Acquired the +1 pair of gloves of the Blind Marksman {Str+5
                  | Slay+2}
 19209 | D:12     | Noticed Maurice
 19217 | D:12     | Killed Maurice
 19218 | D:12     | Reached XP level 15. HP: 118/126 MP: 21/21
 19665 | D:13     | Found Atromnaa's Antique Armour Shop.
 19722 | D:13     | Found Pusew's Weapon Emporium.
 19750 | D:13     | Got the Papyrus of Icy Accomplices
 19895 | D:13     | Found a hazy altar of Hepliaklqana.
 19955 | D:13     | Found Ytuphy's Jewellery Emporium.
 19963 | D:13     | Bought the ring of Guczaydo {rPois rCorr EV+5} for 792 gold
                  | pieces
 20077 | D:13     | Found Foqole Hutwa's Jewellery Boutique.
 20263 | D:14     | Found a gate to the Vaults.
 20402 | D:14     | Learned a level 1 spell: Apportation
 20724 | D:15     | Entered Level 15 of the Dungeon
 20849 | D:15     | Identified the +1 robe of the Iron Devil {rCorr Int+2
                  | Stlth+ Archmagi}
 20884 | D:15     | Found a staircase to the Depths.
 20979 | D:15     | Found a frozen archway.
 21112 | D:15     | Identified the +1 mace of Hiequep {heavy, Will+}
 21205 | IceCv    | Entered an ice cave
 21211 | IceCv    | Annihilated by a caustic shrike simulacrum

Illustrated notes

Levels and vault maps discovered:
D:1:      nicolae_arrival_somewhat_less_tricky_arrival, layout_rooms,
          nrook_loot_triangle
D:2:      layout_basic, uniq_robin
D:3:      minmay_chambers_of_threes, layout_loops_ring,
          mainiacjoe_overflow_tiny_flanked, minitemple, uniq_ijyb
D:4:      layout_basic, nicolae_overflow_hidden_temple,
          cheibrodos_ashenzari_chains, grunt_ministairs_15, uniq_eustachio
D:5:      layout_gridville, minmay_temple_entry_purple_smoke
D:6:      layout_loops_ring, uniq_prince_ribbit1
D:7:      cheibrodos_grave_circle, layout_layer_cave, enter_bailey_8,
          serial_shops, shop
D:8:      minmay_octagon_keep, layout_cave_pods, serial_shops,
          nicolae_shop_window_shopping, serial_undead, serial_undead_e,
          serial_undead_e, serial_undead_b, serial_undead_c, uniq_erica
D:9:      layout_cave_pools
D:10:     layout_loops_ring, lair_entry_dummy, orc_david_3,
          minmay_misc_feat_encased, serial_bayou_lagoon_a, hellmonk_scale_shop
D:11:     layout_loops_corners, tgw_fedhas, uniq_gastronok
D:12:     layout_cross, uniq_maurice
D:13:     layout_loops_cross, serial_shops, shop, kennysheep_mini, shop,
          nicolae_shop_statue_plus, nzn_hepliaklqana_mist_gate
D:14:     layout_basic, david_vaults_4, bh_circular_ruins
D:15:     hangedman_depths_entry_try_elsewhere_first, layout_basic,
          xom_teletrap_fun, portal_ice_cave_entry_ice_simulacra,
          minmay_evil_grid
Lair:1:   layout_concentric_octagons, grunt_megastairs_2,
          infiniplex_staircase_pool_2, serial_bayou_shore_b, lemuel_fruit_tree
Lair:2:   layout_roguey, elwin_shoals_entry_stream, special_room
          [special_room_bee], small_statue_intersection, uniq_maggie
Lair:3:   layout_misc_corridors, minmay_snake_entry_guardpost_medium,
          gammafunk_ghost_abyssal_escape, lemuel_fruit_fields
Lair:4:   layout_roguey, nicolae_volcano_entry_two_sided,
          pdpol_lair_neglected_garden, nzn_masters_of_martial_movement,
          serial_bayou_shore_b, lemuel_fruit_fields
Lair:5:   cheibrodos_lair_end_hotspot, layout_regular_city,
          dpeg_slime_entry_enclosed, hellmonk_guarded_unrand_seven_league_boots
IceCv:    ice_cave_statue_garden_transporter

Skill      XL: |  1  2  3  4  5  6  7  8  9 10 11 12 13 14 15 |
---------------+----------------------------------------------+-----
Spellcasting   | 3 4 |  4.3
Ice Magic      | 5 6 7 8 9 |  9.0
Summonings     | 3 5 7 8 10 11 | 11.6
Fighting       | 2 6 7 9 10 | 10.1
Dodging        | 2 5 |  5.7
Shields        | 2 6 8 10 11 13 14 | 14.1
Axes           | 6 10 13 14 16 | 16.8
Stealth        | |  1.7

Action                     |  1- 3 |  4- 6 |  7- 9 | 10-12 | 13-15 || total
---------------------------+-------+-------+-------+-------+-------++-------
  Melee: Dagger            |    28 |       |       |       |       ||    28
         Tailslap          |    14 |    19 |    21 |   106 |   237 ||   397
         Unarmed           |     2 |       |       |       |       ||     2
         Whip              |    84 |   178 |     7 |       |       ||   269
         Punch             |       |     2 |       |       |       ||     2
         War axe           |       |       |    41 |       |       ||    41
         Quarterstaff      |       |       |   102 |       |       ||   102
         Broad axe         |       |       |    23 |   741 |  1005 ||  1769
         Trident           |       |       |       |       |    23 ||    23
   Cast: Freeze            |    21 |    19 |    64 |     3 |     3 ||   110
         Frozen Ramparts   |     2 |     9 |     6 |    15 |     7 ||    39
         Summon Ice Beast  |       |       |    14 |    21 |    43 ||    78
         Ozocubu's Armour  |       |       |     5 |     8 |    11 ||    24
         Summon Cactus Gia |       |       |       |       |     6 ||     6
         Apportation       |       |       |       |       |     1 ||     1
  Evoke: Wand              |       |       |       |       |    13 ||    13
    Use: Scroll            |       |     2 |    15 |     9 |    14 ||    40
         Potion            |       |     2 |     4 |     3 |     1 ||    10
   Stab: Sleeping          |     4 |     3 |       |     2 |     3 ||    12
         Distracted        |       |       |       |     2 |    12 ||    14
         Paralysed         |       |       |       |       |     5 ||     5
 Armour: Skin              |    49 |   100 |   100 |   277 |   295 ||   821
  Dodge: Dodged            |   102 |    95 |   266 |   636 |   816 ||  1915
         Repelled          |       |     1 |     1 |       |       ||     2
  Block: Kite shield       |       |       |    16 |   408 |   622 ||  1046

Table legend: (Time is in decaauts)
 A = Elapsed time spent in this place.
 B = Non-inter-level travel time spent in this place.
 C = Inter-level travel time spent in this place.
 D = Time resting spent in this place.
 E = Time spent auto-exploring this place.
 F = Levels seen in this place.
 G = Mean time per level.
                   A        B        C        D        E       F      G
               +--------+--------+--------+--------+--------+-----+--------+
         Total |  22161 |  21201 |    960 |   1409 |  13937 |  23 |  963.5 |
       Dungeon |  15097 |  14357 |    740 |    892 |   9869 |  15 | 1006.5 |
          Lair |   5908 |   5688 |    220 |    200 |   3853 |   5 | 1181.6 |
        Bailey |    618 |    618 |      0 |    235 |     58 |   1 |  618.0 |
      Ice Cave |      5 |      5 |      0 |      0 |      0 |   1 |    5.0 |
       Volcano |    530 |    530 |      0 |     82 |    155 |   1 |  530.0 |
               +--------+--------+--------+--------+--------+-----+--------+

Top non-repeatable levels by time:
     D:7: 1801 daAuts
    D:11: 1711 daAuts
  Lair:5: 1344 daAuts
  Lair:2: 1290 daAuts
  Lair:4: 1284 daAuts
     D:4: 1269 daAuts
    D:10: 1256 daAuts
     D:3: 1150 daAuts
     D:8: 1103 daAuts
  Lair:1: 1065 daAuts
    D:14: 1026 daAuts
     D:2: 971 daAuts
  Lair:3: 925 daAuts
     D:6: 920 daAuts
     D:1: 846 daAuts
